 Dungeon Crawl Stone Soup version 0.27-a0-1147-gb3d8e82157 (webtiles) character file.

Game seed: 4600136716647789533

5 HoaS the Cudgeller (level 1, 0/14 HPs)
             Began as a Tengu Berserker on May 11, 2021.
             Was a Follower of Trog.
             Slain by a frilled lizard (1 damage)
             ... on level 1 of the Dungeon.
             The game lasted 00:01:12 (70 turns).

HoaS the Cudgeller (Tengu Berserker)                  Turns: 70, Time: 00:01:12

Health: 0/14       AC:  2    Str: 17    XL:     1   Next: 80%
Magic:  2/2        EV: 12    Int:  7    God:    Trog [*.....]
Gold:   8          SH:  0    Dex: 13    Spells: 0/0 levels left

rFire    . . .     SeeInvis .   a - +0 mace
rCold    . . .     Faith    .   (no shield)
rNeg     . . .     Spirit   .   b - +0 animal skin
rPois    .         Reflect  .   (helmet restricted)
rElec    .         Harm     .   (no cloak)
rCorr    .         Rampage  .   (no gloves)
Will     .....                  (boots unavailable)
Stlth    +.........             (no amulet)
HPRegen  0.04/turn              (no ring)
MPRegen  0.08/turn              (no ring)

@: no status effects
A: beak, talons 3
a: Renounce Religion, Berserk


You were on level 1 of the Dungeon.
You worshipped Trog.
Trog was aware of your devotion.
You visited 1 branch of the dungeon, and saw 1 of its levels.

You collected 8 gold pieces.

Inventory:

Hand Weapons
 a - a +0 mace (weapon)
Armour
 b - a +0 animal skin (worn)


   Skills:
 - Level 3.0 Fighting
 + Level 3.7 Maces & Flails
 - Level 2.1 Armour
 - Level 2.1 Dodging


You couldn't memorise any spells.
You didn't know any spells.
Your spell library was empty.

Dungeon Overview and Level Annotations

Branches:
Dungeon (1/15)

Altars:


Innate Abilities, Weirdness & Mutations

You have a beak for a mouth.
You have claws for feet.


Message History

The ball python hisses angrily.
You hit the giant cockroach. You peck the giant cockroach.
You kill the giant cockroach!
Trog accepts your kill.
The kobold throws a stone.
The stone hits you.
The kobold throws a stone.
The stone closely misses you.
A kobold comes into view. It is wielding a +0 whip.
The kobold hits you with a +0 dagger. The ball python closely misses you.
The ball python barely misses you.
You closely miss the kobold.
The kobold shouts!
Your kick misses the kobold.
A frilled lizard comes into view.
The ball python closely misses you. x2
You closely miss the ball python.
The frilled lizard hisses angrily.
You claw the ball python.
You kill the ball python!
Trog accepts your kill. The kobold hits you but does no damage.
The kobold throws a stone.
The stone misses you. The kobold closely misses you.
The kobold throws a stone.
The stone hits you. The kobold hits you with a +0 dagger.
You closely miss the kobold. Your peck misses the kobold.
The kobold throws a stone.
The stone hits you but does no damage. The kobold barely misses you.
The kobold throws a stone.
The stone hits you but does no damage.
You hit the kobold.
The kobold is moderately wounded.
The kobold hits you with a +0 dagger.
* * * LOW HITPOINT WARNING * * *
You hit the kobold.
You kill the kobold!
Trog accepts your kill.
You closely miss the frilled lizard. Your peck misses the frilled lizard.
The frilled lizard bites you.
* * * LOW HITPOINT WARNING * * *
You closely miss the frilled lizard. Your kick misses the frilled lizard.
Your peck misses the frilled lizard. The frilled lizard bites you.
You die...

≈§≈.≈.# #........+
....≈.#
##.......+##
≈.§§§.#
#.........#+##
§.≈§§..#
##...........#
≈.≈§§..#
#...........#
.>..≈..#
##...........#
≈≈≈.≈..#
#..$.........#
#..)####.....#
######.@..#
#.....#
.......lK)#
#.......
###.....†.#
#......##
#....†#..##......#
#..[..##.#####...#
#.....# .# ...#
#...?.# .#
#....... .#
#.......


You could see a kobold and a frilled lizard.

Vanquished Creatures
  An endoplasm (D:1)
  A giant cockroach (D:1)
  A ball python (D:1)
  A frilled lizard (D:1)
  A goblin (D:1)
  A kobold (D:1)
6 creatures vanquished.

Notes
Turn   | Place    | Note
-------+----------+-------------------------------------------
     0 | D:1      | HoaS the Tengu Berserker began the quest for the Orb.
     0 | D:1      | Reached XP level 1. HP: 14/14 MP: 2/2
    70 | D:1      | Slain by a frilled lizard

Illustrated notes

Levels and vault maps discovered:
D:1:      evilmike_arrival_hilbert_curve, layout_basic,
          shapermc_ecumenical_altar_venn

Action                   || total
-------------------------++-------
Melee: Mace              ||    14
       Kick              ||     1
       Peck              ||     1
 Stab: Sleeping          ||     1
Armor: Animal skin       ||     3
Dodge: Dodged            ||    12

Table legend: (Time is in decaauts)
 A = Elapsed time spent in this place.
 B = Non-inter-level travel time spent in this place.
 C = Inter-level travel time spent in this place.
 D = Time resting spent in this place.
 E = Time spent auto-exploring this place.
 F = Levels seen in this place.
 G = Mean time per level.
                   A        B        C        D        E       F      G
               +--------+--------+--------+--------+--------+-----+--------+
         Total |     73 |     73 |      0 |      0 |     40 |   1 |   73.0 |
       Dungeon |     73 |     73 |      0 |      0 |     40 |   1 |   73.0 |
               +--------+--------+--------+--------+--------+-----+--------+

Top non-repeatable levels by time:
     D:1: 73 daAuts
